fdfd, chaotic male orcish Barbarian |...-------------- |................| ---..----------..| ---..- |..| |......|. ---- ---.--......----------. |...||..|................. ... ---.--- ---........--...%.........%.. ..| ---..! |...| ..|.......)%..)).. .<--..(.... ----.--- -..--..+.............................. |@a..| .....).........^.......... |...-- ......--.........%..--.. --. ... fdfd the Pillager Experience level: 5 Strength: 18/02 Dexterity: 16 Constitution: 18 Intelligence: 7 Wisdom: 7 Charisma: 7 Health: 0(50) Energy: 9(9) Def: 3 Gold: 49 Moves: 654 Dungeon seed: gDxdXvXUB6PM9_zF Game ID: fdfd_1496958652 Your Inventory: Coins $ - 49 gold pieces Weapons a - an uncursed +0 battle-axe b - an uncursed +0 orcish short sword (alternate weapon; not wielded) g - the cursed +0 Cleaver (weapon in hands) Armor e - an uncursed +0 orcish ring mail (being worn) n - an uncursed +0 elven shield q - an uncursed +0 dwarvish cloak (being worn) r - a cursed -1 pair of iron shoes (being worn) Comestibles c - an uncursed food ration d - an uncursed fortune cookie f - an uncursed egg Scrolls i - a blessed scroll of identify m - an uncursed scroll of teleportation Potions l - an uncursed potion of monster detection Spells and supernatural/magical abilities: Name Level Category Fail Memory W - pray for help -- divine ? -- Your skills at the end: Miscellaneous Skills bare handed combat [Basic] stealth [Basic] Weapon Skills axe [Basic] short sword [Basic] Spellcasting Skills Final Attributes: You were piously aligned. You were poison resistant. You had infravision. You were somewhat stealthy. You are dead. Vanquished creatures: a small mimic 2 gnome lords a gnomish wizard a Kop Lieutenant 3 dwarves 3 Kop Sergeants a hobbit 2 geckos 2 giant rats a yellow mold 8 gnomes 8 Keystone Kops 2 jackals a newt a goblin 37 creatures vanquished. Voluntary challenges: You did not adorn yourself with jewelry or accessories. You did not cause conflict. You were not invisible. You did not have reflection. You were not displaced. You were an atheist. You used a wielded weapon 37 times, starting on turn 39. You did not use tools. You did not use plumbed fixtures. You read items or engraved 2 times, starting on turn 296. You never genocided any monsters. You never polymorphed an object. You never changed form. You used no wishes. You never split a pudding. You never wrote Elbereth's name. You never violated your personal moral code. Dungeon overview: The Dungeons of Doom: levels 1 to 4 Level 1 a fountain a long staircase Level 2 a fountain Level 3 a general store Level 4 stairs to The Gnomish Mines The Gnomish Mines: levels 5 to 6 Level 5 stairs to The Dungeons of Doom Level 6 <- You were here History has recorded: On T:1 you entered the Dungeons of Doom to retrieve the Amulet of Yendor! On T:56 you reached level 2 of The Dungeons of Doom. On T:174 you reached level 3 of The Dungeons of Doom. On T:287 you advanced to experience level 2. On T:345 you advanced to experience level 3. On T:350 you advanced to experience level 4. On T:376 you reached level 4 of The Dungeons of Doom. On T:464 you reached level 1 of The Gnomish Mines. On T:470 you advanced to experience level 5. On T:486 you reached level 2 of The Gnomish Mines. Score breakdown: Gold: 49 ( 4 points) Experience: 5 levels ( 400 points) Exploration: 6 levels ( 150 points) Discoveries: 5 items ( 250 points) Variety of kills: 15 monsters ( 750 points) Major goal: (nothing yet) ( 0 points) Survival: died (score multiplied by 3) Total score: 4662 Latest messages: You kill the dwarf! There are a few objects here. You kill the gnome! You see here an aklys. The gnome lord wields an aklys! You smite the gnome lord! You kill the gnome lord! You fall into a pit! There are a few objects here. You are still in a pit. You crawl to the edge of the pit. You fall into a pit! There are a few objects here. You are still in a pit. You crawl to the edge of the pit. You stop running. (2x) The giant ant bites! (5x) The giant ant misses. The giant ant bites! (3x) You die... Final status: Goodbye fdfd the Barbarian, killed by a giant ant... You died in The Gnomish Mines on dungeon level 6 with 4662 points, and 49 pieces of gold, after 654 moves. You were level 5 with a maximum of 50 hit points when you died.